AoeStats
← DBooza

Highland

505965388Analyzed
3v3 RM · 20d ago on Sep 11, 2026· 41m 11s· 6 players
Game mode
Random Map
Map size
Normal (6 player)
Population
200
Speed
Normal
Resources
Standard
Victory
Conquest
Starting age
Dark Age
Ending age
Imperial Age
RankedLock teamsTeams togetherTeam positionsShared explorationLock speedFull tech treeHidden civsTurbo modeCheats
Victory
Defeat
🇬🇧 Franks · United Kingdom
1382
+15
🇭🇺 Inca · Hungary
1378
+16
🇬🇧 Lithuanians · United Kingdom
1351
+17
🇹🇷 Vietnamese · Türkiye
1557
-24
🇹🇷 Mongols · Türkiye
1314
-14
🇹🇷 Ethiopians · Türkiye
1232
-10
MRJ
7:50 Loom
10:15 Feudal Age
11:12 Double-Bit Axe
13:00 Horse Collar
19:04 Castle Age
18:23 Bloodlines
18:19 Scale Barding Armor
20:41 Bow Saw
22:45 Husbandry
24:45 Chain Barding Armor
25:49 Town Watch
26:40 Wheelbarrow
30:06 Hand Cart
33:08 Imperial Age
31:34 Heavy Plow
31:28 Gold Mining
31:29 Stone Mining
31:28 Light Cavalry
32:22 Forging
34:36 Plate Barding Armor
35:28 Chemistry
34:48 Fletching
35:57 Bodkin Arrow
35:42 Winged Hussar
37:37 Crop Rotation
36:38 Cavalier
40:41 Conscription
DBooza
10:48 Feudal Age
16:25 Castle Age
15:00 Double-Bit Axe
17:27 Bow Saw
19:54 Loom
23:03 Scale Barding Armor
24:20 Chain Barding Armor
26:14 Forging
26:35 Town Watch
28:08 Iron Casting
29:40 Husbandry
36:17 Wheelbarrow
35:42 Town Patrol
Bl++d
6:38 Loom
10:59 Feudal Age
11:39 Horse Collar
11:50 Champi Runner
16:04 Scale Mail Armor
18:44 Arson
27:40 Castle Age
26:47 Forging
26:29 Double-Bit Axe
27:05 Fletching
29:01 Chain Mail Armor
28:39 Champi Warrior
30:00 Squires
33:54 Guard Tower
34:25 Ballistics
35:45 Wheelbarrow
37:07 Hand Cart
37:08 Heavy Plow
37:31 Bodkin Arrow
39:46 Caravan
40:26 Murder Holes
40:42 Masonry
TMR
6:43 Loom
9:01 Feudal Age
16:20 Fletching
21:25 Castle Age
19:45 Double-Bit Axe
20:34 Horse Collar
21:13 Gold Mining
21:34 Crossbowman
22:13 Bodkin Arrow
35:05 Padded Archer Armor
37:20 Forging
37:20 Scale Mail Armor
39:07 Leather Archer Armor
GdR_Zasha
7:19 Loom
9:45 Feudal Age
11:04 Double-Bit Axe
11:00 Horse Collar
13:49 Fletching
15:01 Wheelbarrow
16:32 Padded Archer Armor
21:06 Castle Age
19:17 Gold Mining
21:44 Bodkin Arrow
22:02 Bow Saw
21:53 Heavy Plow
22:10 Hand Cart
26:57 Elite Skirmisher
29:32 Ballistics
29:42 Leather Archer Armor
32:24 Husbandry
33:09 Bloodlines
36:38 Thumb Ring
41:09 Imperial Age
38:41 Stone Mining
BerCioSilver
5:12 Loom
11:28 Feudal Age
18:26 Castle Age
16:28 Double-Bit Axe
16:24 Horse Collar
19:31 Stone Mining
20:08 Bow Saw
20:00 Heavy Plow
21:59 Fletching
25:57 Padded Archer Armor
27:15 Wheelbarrow
29:34 Scale Mail Armor
29:45 Forging
29:26 Pikeman
30:07 Squires
29:54 Arson
34:46 Imperial Age
33:52 Chain Mail Armor
36:01 Plate Mail Armor
37:09 Iron Casting
38:14 Ballistics
38:55 Chemistry
Connection lost

Rejoining the realm…

Still unreachable

The connection could not be restored.

Session expired

The server has moved on; the page needs a fresh start.